 Dungeon Crawl Stone Soup version 0.29.0-15-g675c0067aa (webtiles) character file.

Game seed: 18198511186696346252

158 qw the Chopper (level 5, -3/45 HPs)
             Began as a Minotaur Berserker on Sept 12, 2022.
             Was a Believer of Trog.
             Slain by an orc warrior
             ... wielding a +0 flail
              (8 damage)
             ... on level 4 of the Dungeon.
             The game lasted 00:00:39 (2342 turns).

qw the Chopper (Minotaur Berserker)                 Turns: 2342, Time: 00:00:40

Health: -3/45      AC: 12    Str: 24    XL:     5   Next: 16%
Magic:  4/4        EV:  7    Int:  4    God:    Trog [**....]
Gold:   68         SH:  0    Dex:  9    Spells: 4/4 levels left

rFire   . . .      SeeInvis .   Y - +0 hand axe
rCold   . . .      Faith    .   (no shield)
rNeg    . . .      Spirit   .   a - +0 plate armour
rPois   .          Reflect  .   (helmet restricted)
rElec   .          Harm     .   (no cloak)
rCorr   .          Rampage  .   b - +0 pair of gloves
Will    .....                   (no boots)
Stlth   ..........              (no amulet)
HPRegen 0.15/turn               (no ring)
MPRegen 0.09/turn               (no ring)

@: on berserk cooldown, slowed, very slow
A: horns 2, retaliatory headbutt
a: Renounce Religion, Berserk, Trog's Hand


You were on level 4 of the Dungeon.
You worshipped Trog.
Trog was pleased with you.
You visited 1 branch of the dungeon, and saw 5 of its levels.

You collected 99 gold pieces.
You spent 31 gold pieces at shops.


Innate Abilities, Weirdness & Mutations

You have a pair of horns on your head.
You reflexively headbutt those who attack you in melee.


   Skills:
 - Level 3.6 Fighting
 - Level 7.1 Axes
 + Level 2.4 Armour
 - Level 2.1 Dodging


You had 4 spell levels left.
You didn't know any spells.
Your spell library was empty.

Inventory:

Hand Weapons
 k - a +0 club
 Y - a +0 hand axe (weapon)
Missiles
 d - 5 boomerangs (quivered)
Armour
 a - a +0 plate armour (worn)
 b - a +0 pair of gloves (worn)
Scrolls
 n - a scroll of identify
Potions
 e - a potion of invisibility {unknown}
 f - a potion of degeneration {unknown}
 j - a potion of ambrosia {unknown}
 m - a potion of lignification {unknown}

Dungeon Overview and Level Annotations

Branches:
Dungeon (5/15)
 Temple: D:4-7

Altars:

Shops:
D:1 (


Message History

A magic dart appears from out of thin air!
The magic dart hits you.
You closely miss the orc warrior. Your punch misses the orc warrior.
The orc warrior is severely wounded.
You barely miss something. Something hits you but does no damage.
The orc warrior hits you with a +0 flail.
You hit the orc warrior.
The orc warrior is severely wounded.
You hit something but do no damage. Something hits you but does no damage.
The orc warrior hits you but does no damage.
You hear some strange, mumbled words.
A magic dart appears from out of thin air!
The magic dart hits you.
The orc warrior hits you with a +0 flail!
You hit the orc warrior but do no damage.
Your headbutt misses the orc warrior.
The orc warrior is severely wounded.
You miss something.
You hear some strange, mumbled words.
You are confused.
The orc warrior barely misses you.
You bump into the rock wall.
Something hits you but does no damage.
The orc warrior hits you but does no damage.
Something hits you but does no damage. The orc warrior closely misses you.
You bump into the rock wall.
Something hits you.
The orc warrior hits you but does no damage.
You barely miss something. Your headbutt misses something.
Your punch misses something. You miss the orc warrior.
Something hits you but does no damage. The orc warrior closely misses you.
Something hits you but does no damage.
The orc warrior hits you but does no damage.
You bump into the rock wall.
You feel less confused. Something hits you.
The orc warrior hits you with a +0 flail!
You die...

#.#.# #..
##.#.
#..##.... #
... ... .#)
.. ... ....
#. #.#
.....#.##.#
.......)#@#
.......>{o#
......%)###
.....[.##
####.#.
#.#. # #.
#. #.


You could see an orc warrior.

Vanquished Creatures
  A howler monkey (D:3)
  An orc wizard (D:4)
  An iguana (D:5)
  2 adders (D:2)
  2 dart slugs
  An orc (D:4)
  3 bats
  2 endoplasms
  2 giant cockroaches
  3 goblins
  4 hobgoblins
  7 jackals
  4 kobolds
  A quokka (D:1)
  4 ball pythons
  2 frilled lizards
  2 rats (D:1)
42 creatures vanquished.

Notes
Turn   | Place    | Note
-------+----------+-------------------------------------------
     0 | D:1      | qw the Minotaur Berserker began the quest for the Orb.
     0 | D:1      | Reached XP level 1. HP: 19/19 MP: 0/0
     0 | D:1      | 0 ||| qw: Version: 0.1-a-119-g272c26d
     0 | D:1      | 0 ||| qw: Game counter: 10825
     0 | D:1      | 0 ||| qw: Always use a shield: true
     0 | D:1      | 0 ||| qw: Do Orc after D:15 true
     0 | D:1      | 0 ||| qw: Do second Lair branch before Depths: true
     0 | D:1      | 0 ||| qw: Lair rune preference: random
     0 | D:1      | 0 ||| qw: Plans: Normal
     0 | D:1      | 0 ||| PLANNING D:1-11
   185 | D:1      | Reached skill level 4 in Axes
   249 | D:1      | Reached XP level 2. HP: 21/26 MP: 1/1
   338 | D:1      | 338 ||| Stepping ~*~*~tactically~*~*~ (stealth).
   406 | D:1      | 406 ||| Stepping ~*~*~tactically~*~*~ (stealth).
   411 | D:1      | 411 ||| Stepping ~*~*~tactically~*~*~ (stealth).
   524 | D:1      | 524 ||| Stepping ~*~*~tactically~*~*~ (stealth).
   689 | D:1      | Reached skill level 5 in Axes
   868 | D:1      | Reached XP level 3. HP: 29/31 MP: 2/2
  1098 | D:1      | Found a faded altar of an unknown god.
  1152 | D:1      | Found Fiomnaz's Antique Weapon Emporium.
  1159 | D:1      | 1159 ||| BUYING club (31 gold).
  1159 | D:1      | Bought a club for 31 gold pieces
  1159 | D:1      | 1159 ||| SHOPLISTING fading war axe (263 gold, have 11).
  1159 | D:1      | 1159 ||| SHOPLISTING mace (93 gold, have 11).
  1160 | D:1      | 1160 ||| UPGRADING to +0 chain mail.
  1170 | D:1      | 1170 ||| DROPPING +0 animal skin.
  1171 | D:1      | 1171 ||| READING scroll labelled FEAZUE ROJANOP.
  1272 | D:1      | 1272 ||| READING scroll labelled QESEPU WEAT.
  1273 | D:1      | 1273 ||| READING scroll labelled GANWUE WI ZOOGROA.
  1302 | D:2      | Reached ** piety under Trog
  1744 | D:2      | 1744 ||| Stepping ~*~*~tactically~*~*~ (cloud).
  2005 | D:2      | 2005 ||| UPGRADING to +0 plate armour.
  2015 | D:2      | 2015 ||| UPGRADING to +0 pair of gloves.
  2020 | D:2      | 2020 ||| DROPPING +0 chain mail.
  2021 | D:2      | 2021 ||| READING scroll labelled JOR RIQ VACVI.
  2022 | D:2      | 2022 ||| READING scroll labelled QUUDOO ZAFA.
  2023 | D:2      | 2023 ||| READING scroll labelled ETSYTHA NEXT.
  2027 | D:2      | 2027 ||| READING scroll labelled HAN ZOL XOLUT.
  2028 | D:2      | 2028 ||| READING scroll labelled DEM QAFAYGGETH.
  2164 | D:3      | Reached skill level 6 in Axes
  2164 | D:3      | Reached XP level 4. HP: 39/39 MP: 3/3
  2194 | D:3      | You fall into a shaft and drop 2 floors!
  2194 | D:5      | Entered Level 5 of the Dungeon
  2195 | D:5      | 2195 ||| READING scroll labelled MITEMAPH WOIDE.
  2196 | D:5      | 2196 ||| DRINKING 2 metallic inky potions.
  2202 | D:5      | 2202 ||| INVOKING Berserk.
  2314 | D:4      | Noticed an orc warrior
  2315 | D:4      | 2315 ||| INVOKING Berserk.
  2322 | D:4      | Reached skill level 7 in Axes
  2322 | D:4      | Reached XP level 5. HP: 45/45 MP: 4/4
  2330 | D:4      | 2330 ||| DRINKING potion of curing.
  2330 | D:4      | 2330 ||| (to cure confusion)
  2337 | D:4      | HP: 10/45 [orc warrior/+0 flail (8)]
  2342 | D:4      | HP: 5/45 [something (2)]
  2342 | D:4      | Slain by an orc warrior

Levels and vault maps discovered:
D:1:      lightli_iron_boxes, layout_basic,
          shapermc_ecumenical_altar_mp_vishouse, serial_shops, shop,
          corexii_item_surrounded_by_moat
D:2:      layout_loops_ring, lemuel_old_faithful
D:3:      layout_loops_ring, overflow_temple_1_default, uniq_robin
D:4:      layout_loops_ring, makhleb_blood_cavern_becter, temple_green,
          uniq_blork_the_orc
D:5:      layout_layer_cave, fedhas_altar_1

Skill      XL: |  1  2  3  4 |
---------------+-------------+-----
Axes           | 4 5 6 7 |  7.1
Fighting       | |  3.6
Armour         | |  2.4
Dodging        | |  2.1

Action                   |  1- 3 |  4- 6 || total
-------------------------+-------+-------++-------
Melee: Hand axe          |    92 |    24 ||   116
       Headbutt          |    12 |     2 ||    14
Throw: Boomerang         |     3 |     3 ||     6
Invok: Berserk           |       |     2 ||     2
  Use: Scroll            |     8 |     1 ||     9
       Potion            |       |     2 ||     2
Armor: Animal skin       |    13 |       ||    13
       Chain mail        |    14 |       ||    14
       Plate armour      |     8 |    29 ||    37
Dodge: Dodged            |    50 |     7 ||    57

Table legend:
 A = Non-vault XP
 B = Vault XP
 C = Vault XP percentage of total XP
 D = Non-vault monster count
 E = Vault monster count
 F = Vault count percentage of total count
                 A         B        C        D         E       F
            +---------+---------+-------+---------+---------+-------
      Total |     226 |       0 |   0.0 |      42 |       0 |   0.0
            +---------+---------+-------+---------+---------+-------
        D:1 |      41 |       0 |   0.0 |      23 |       0 |   0.0
        D:2 |      42 |       0 |   0.0 |      10 |       0 |   0.0
        D:3 |      63 |       0 |   0.0 |       5 |       0 |   0.0
        D:4 |      44 |       0 |   0.0 |       3 |       0 |   0.0
        D:5 |      36 |       0 |   0.0 |       1 |       0 |   0.0
            +---------+---------+-------+---------+---------+-------
